cohdb
Replays
Latest Replays
All Replays
Popular Replays
Top Player Replays
Match Explorer
How It Works
Community
CoH3 Stats
Reddit
Sign in to upload your games and track your stats! →
Sign in with Steam
Match 46120879
Unlisted
Match 46120879
Overview
Messages
Build Orders
End
Kettenkrad Recon Vehicle
Construct Infanterie Kompanie
Selects Mechanized Battlegroup
MG 42 Machine Gun Team
Grenadier Squad
Pioneer Squad
GrW 34 Mortar Team
Grenadier Squad
Medical Station
Construct Panzergrenadier Kompanie
Support Elements
Panzergrenadier Squad
Nebelwerfer 42 Rocket Launcher Team
Pioneer Squad
zee captain
Hepatiitti
Stanl
yourdad
Sumanai_Eugen
Chuef
Smol Aki
Derpmaci
0
0
Comments
sign in to comment!
No comments posted yet!